 Dungeon Crawl Stone Soup version 0.20-a0-920-gb18bc0f (webtiles) character file.

64 useraccount the Covered (level 4, -12/37 HPs)
             Began as a Formicid Fighter on Mar 26, 2017.
             Mangled by an ogre
             ... wielding a +0 giant club
              (16 damage)
             ... on level 3 of the Dungeon.
             The game lasted 00:01:15 (1349 turns).

useraccount the Covered (Formicid Fighter)          Turns: 1349, Time: 00:01:15

Health: -12/37     AC:  7    Str: 21    XL:     4   Next: 32%
Magic:  4/4        EV:  8    Int:  8    God:
Gold:   115        SH:  9    Dex: 10    Spells: 3/3 levels left

rFire    . . .     SeeInvis +   a - +0 war axe
rCold    . . .     Gourm    .   c - +0 shield
rNeg     . . .     Faith    .   b - +0 scale mail
rPois    .         Spirit   .   (helmet unavailable)
rElec    .         Reflect  .   (no cloak)
rCorr    .         Harm     .   (no gloves)
MR       .....                  (no boots)
Stlth    ..........             (no amulet)
Regen    0.2/turn               (no ring)
MPRegen  0.1/turn               (no ring)

@: no status effects
A: permanent stasis, dig shafts and tunnels, four strong arms, antennae 3
a: Dig, Shaft Self


You were on level 3 of the Dungeon.
You were not hungry.

You visited 1 branch of the dungeon, and saw 3 of its levels.

You collected 115 gold pieces.

Inventory:

Hand Weapons
 a - a +0 war axe (weapon)
Armour
 b - a +0 scale mail (worn)
 c - a +0 shield (worn)
Scrolls
 e - 2 scrolls of magic mapping {unknown}
 g - 2 scrolls of random uselessness {unknown}
 i - a scroll of teleportation {unknown}
 j - a scroll of identify {unknown}
 k - a scroll of enchant armour {unknown}
 l - 2 scrolls of amnesia {unknown}
 m - a scroll of enchant weapon {unknown}
Potions
 d - a potion of might
 h - a potion of flight {unknown}
Comestibles
 f - 2 bread rations
 n - 3 fruits
 o - a royal jelly
 p - 8 chunks of flesh


   Skills:
 + Level 3.7 Fighting
 * Level 2.6 Axes
 + Level 4.0 Armour
 + Level 1.1 Dodging
 + Level 3.9 Shields


You had 3 spell levels left.
You didn't know any spells.

Dungeon Overview and Level Annotations

Branches:
Dungeon (3/15)

Altars:
Trog


Innate Abilities, Weirdness & Mutations

You cannot be hasted, slowed, berserked, paralysed or teleported.
You can dig through walls and to a lower floor.
Your four strong arms can wield two-handed weapons with a shield.
You have a pair of large antennae on your head. (SInv)


Message History

You block the ogre's attack.
You completely miss the ogre.
The ogre is lightly wounded.
You block the ogre's attack. The ogre barely misses you.
You hit the ogre.
The ogre is moderately wounded.
The ogre hits you with a giant club!!
Ouch! That really hurt!
* * * LOW HITPOINT WARNING * * *
You hit the ogre but do no damage.
The ogre is moderately wounded.
The ogre barely misses you.
You slash the ogre!
The ogre is heavily wounded.
The ogre hits you with a giant club.
* * * LOW HITPOINT WARNING * * *
You hit the ogre.
The ogre is severely wounded.
The ogre hits you with a giant club!
You die...

>>..( ... .$. ...
#. #.# #. #.# #.
#O# ####.##@#
........#
#####...#
#..######
#.......# ##### #
#..#...... #....
#.#####.##.#####.
#.###
#..........# #.#
#.# ####.......#
#.# #.#


You could see an ogre.

Vanquished Creatures
  2 adders (D:2)
  A worm (D:2)
  A dart slug (D:1)
  An orc (D:3)
  2 giant cockroaches (D:1)
  7 goblins
  7 hobgoblins
  A quokka (D:3)
  5 bats
  A frilled lizard (D:1)
  4 kobolds
  6 rats
38 creatures vanquished.

Vanquished Creatures (others)
  A wizard (D:3)
1 creature vanquished.

Grand Total: 39 creatures vanquished

Notes
Turn   | Place    | Note
-------+----------+-------------------------------------------
     0 | D:1      | useraccount the Formicid Fighter began the quest for the Orb.
     0 | D:1      | Reached XP level 1. HP: 18/18 MP: 1/1
     3 | D:1      | Noticed an electric eel
     3 | D:1      | Noticed an electric eel
   120 | D:1      | Reached XP level 2. HP: 24/24 MP: 2/2
   358 | D:1      | Reached XP level 3. HP: 28/29 MP: 3/3
   534 | D:2      | Reached skill level 1 in Dodging
   824 | D:2      | Reached XP level 4. HP: 35/35 MP: 4/4
  1154 | D:3      | Found a bloodstained altar of Trog.
  1155 | D:3      | Noticed a wizard
  1161 | D:3      | Killed a wizard
  1259 | D:3      | Reached skill level 4 in Armour
  1340 | D:3      | Noticed an ogre
  1349 | D:3      | Mangled by an ogre

Vault maps used:
D:1:      arrival_aquarium_b
D:3:      serial_glass, glass_columns_b, glass_columns_c, trog_wizard

Skill      XL: |  1  2  3  4 |
---------------+-------------+-----
Dodging        | 1 |  1.1
Armour         | 4 |  4.0
Fighting       | |  3.7
Axes           | |  2.6
Shields        | |  3.9

Action                   |  1- 3 |  4- 6 || total
-------------------------+-------+-------++-------
Melee: War axe           |   104 |    39 ||   143
 Abil: Dig               |       |     1 ||     1
  Eat: Chunk             |       |     2 ||     2
Armor: Scale mail        |    49 |    12 ||    61
Dodge: Dodged            |    47 |    16 ||    63
Block: Shield            |    54 |    21 ||    75
